 Dungeon Crawl Stone Soup version 0.20.1-1-g8b1a95d (webtiles) character file.

43779 RicketyTrickster the Slicer (level 14, -10/101 HPs)
             Began as a Kobold Berserker on July 12, 2017.
             Was a High Priest of Trog.
             Splashed by an acid blob's acid (12 damage)
             ... on level 1 of the Pits of Slime.
             The game lasted 01:10:58 (18301 turns).

RicketyTrickster the Slicer (Kobold Berserker)     Turns: 18301, Time: 01:10:58

Health: -10/101    AC:  4    Str: 18    XL:     14   Next: 62%
Magic:  14/14      EV: 27    Int:  9    God:    Trog [*****.]
Gold:   918        SH:  4    Dex: 16    Spells: 13/13 levels left

rFire    . . .     SeeInvis .   n - +7 Spriggan's Knife {MR+ EV+4 Dex+4 Stlth+}
rCold    . . .     Gourm    .   r - +0 buckler
rNeg     + + .     Faith    +   o - +5 ring mail
rPois    .         Spirit   .   j - +2 hat
rElec    .         Reflect  .   (no cloak)
rCorr    .         Harm     .   (no gloves)
MR       +++..                  (no boots)
Stlth    +++++.....             s - amulet of faith
Regen    0.3/turn               D - +2 ring of protection
MPRegen  0.2/turn               b - ring of Kualow {rN++ MR+ Dex-3}

@: corroded, very slightly contaminated
A: talons 2, carnivore 3, robust 1
a: Berserk, Trog's Hand, Brothers in Arms, Burn Spellbooks, Renounce Religion


You were on level 1 of the Pits of Slime.
You worshipped Trog.
Trog was extremely pleased with you.
You were completely stuffed.

You visited 3 branches of the dungeon, and saw 15 of its levels.

You collected 1191 gold pieces.
You spent 273 gold pieces at shops.

Inventory:

Hand Weapons
 d - a +2 short sword of flaming
 n - the +7 Spriggan's Knife (weapon) {MR+ EV+4 Dex+4 Stlth+}
   (You found it on level 6 of the Lair of Beasts)

   It affects your evasion (+4).
   It affects your dexterity (+4).
   It affects your resistance to hostile enchantments.
   It makes you more stealthy.
 t - a +2 vampiric short sword
 y - the +4 dagger of Iconoclasm {pierce, Int+2 SInv}
   (You found it on level 9 of the Dungeon)

   It inflicts extra damage upon your enemies.
   It affects your intelligence (+2).
   It lets you see invisible.
 S - a +8 antimagic quick blade
Armour
 j - a +2 hat (worn)
 o - a +5 ring mail (worn)
 p - a +0 hat of magic resistance
 r - a +0 buckler (worn)
Jewellery
 b - the ring of Kualow (right hand) {rN++ MR+ Dex-3}
   (You found it on level 6 of the Lair of Beasts)

   [ring of protection from magic]

   It affects your dexterity (-3).
   It greatly protects you from negative energy.
   It affects your resistance to hostile enchantments.
 s - an amulet of faith (around neck)
 z - an uncursed ring of see invisible
 D - a +2 ring of protection (left hand)
Scrolls
 e - 3 scrolls of remove curse
 g - 2 scrolls of fog
 h - 3 scrolls of amnesia
 v - 5 scrolls of immolation
 H - a scroll of teleportation
 P - a scroll of recharging
 T - 6 scrolls of identify
Potions
 a - a potion of berserk rage
 f - 3 potions of mutation
 i - 2 potions of flight
 k - a potion of lignification
 q - a potion of curing
 A - 3 potions of ambrosia
 I - a potion of might
 K - a potion of brilliance
 L - a potion of resistance
Books
 G - a book of Conjurations

   Spells                             Type                      Level
   a - Magic Dart                     Conjuration                  1
   b - Searing Ray                    Conjuration                  2
   c - Dazzling Spray                 Conjuration/Hexes            3
   d - Fulminant Prism                Conjuration/Hexes            4
   e - Force Lance                    Conjuration/Translocation    4
   f - Iskenderun's Mystic Blast      Conjuration                  4
   Trog disapproves of the use of such an item.
Miscellaneous
 U - a crystal ball of energy
 X - a fan of gales
Comestibles
 c - 8 meat rations
 l - 6 bread rations
 m - 27 fruits
 u - 8 royal jellies
 w - 4 chunks of flesh


   Skills:
 * Level 12.9 Fighting
 * Level 14.9 Short Blades
 * Level 9.8 Armour
 * Level 13.9 Dodging
 + Level 11.3 Stealth


You had 13 spell levels left.
You didn't know any spells.

Dungeon Overview and Level Annotations

Branches:
Dungeon (9/15)             Temple (0/1) D:5            Lair (6/6) D:9
  Snake (0/4) Lair:4        Slime (1/5) Lair:6
  Swamp: Lair:2-4    Shoals: Lair:2-4       Orc: D:9-12

Altars:
Fedhas
Gozag
Hepliaklqana
Sif Muna
Uskayaw
Vehumet
Xom
Yredelemnul
The Shining One
Jiyva

Shops:
D:6 *


Innate Abilities, Weirdness & Mutations

You are small and have problems with some larger weapons.
You are carnivorous and can eat meat at any time.
You have razor-sharp toenails.
You are robust. (+10% HP)


Message History

You feel strangely unstable. The acid blob spits acid at you.
The splash of acid hits you!
* * * LOW HITPOINT WARNING * * *
You are splashed with acid!
The acid burns!
* * * LOW HITPOINT WARNING * * *
You hear a blaring wail to the southwest.
The acid blob spits acid at you. The splash of acid misses you.
Your surroundings suddenly seem different.
Found a stone staircase leading down.
You feel better.
An azure jelly and an acid blob come into view.
The azure jelly quivers.
The acid blob quivers.
The azure jelly jiggles.
The acid blob spits acid at you. The splash of acid hits you!
* * * LOW HITPOINT WARNING * * *
The acid corrodes you!
You are splashed with acid!
The acid burns!
You die...

......#.............## #
.....................#.##
........................#
#.#..<.................##.#.
##.......>.................
#.#............#.#.#......##
#............................
##.##....#...........#.......
## #..........@.............
.................##......
....##...........J#..... ...
##................. ..
#.............#....
##.....J.......# .
#.................
#..................
#.......>..........


You could see an acid blob and an azure jelly.

Vanquished Creatures
  An azure jelly (Slime:1)
  5 hydras
  A catoblepas (Lair:6)
  5 two-headed ogres
  6 death yaks (Lair:6)
  A deep troll shaman (Lair:6)
  Sonja (Lair:4)
  Nergalle (Lair:4)
  The ghost of Lennu the Slasher, a novice DrFi (D:7)
  A wizard (D:9)
  A cyclops (D:9)
  An ugly thing (D:9)
  A manticore (Lair:6)
  7 black mambas
  Maurice (D:8)
  11 elephants
  11 spiny frogs
  A torpor snail (Lair:6)
  5 rime drakes
  10 komodo dragons
  4 polar bears (D:9)
  2 hornets (D:9)
  4 blink frogs (Lair:6)
  4 hippogriffs
  2 wyverns
  Eustachio (D:6)
  17 yaks
  A basilisk (D:8)
  A hungry ghost (D:9)
  2 nagas (Lair:4)
  7 water moccasins
  3 porcupines
  A swamp drake (Lair:1)
  2 eyes of draining
  3 sky beasts
  2 phantoms (D:4)
  6 ice beasts (D:9)
  4 black bears
  5 ogres
  A centaur (D:8)
  8 wolves
  13 crocodiles
  2 big kobolds
  15 bullfrogs
  A gnoll sergeant (D:9)
  A wyvern skeleton (D:8)
  2 scorpions
  7 killer bees
  5 wights (D:7)
  2 howler monkeys
  3 crimson imps
  An orc priest (D:9)
  3 hounds
  A jelly (D:7)
  2 centaur skeletons
  2 quasits
  9 orc wizards
  3 iguanas
  2 worker ants
  Terence (D:3)
  5 hell rats (Lair:4)
  A centaur simulacrum (D:9)
  3 hound zombies
  A hound skeleton (D:9)
  3 worker ant zombies
  13 adders
  9 gnolls
  2 howler monkey skeletons
  A shadow imp (D:7)
  2 white imps (D:9)
  An ufetubus (D:9)
  An ooze (D:1)
  2 adder skeletons
  4 worms
  An adder simulacrum (D:9)
  9 leopard geckos
  21 orcs
  6 giant cockroaches
  2 goblins
  5 hobgoblins
  11 jackals
  2 quokkas (D:6)
  2 ball pythons
  10 bats
  4 frilled lizards
  6 kobolds
  2 leopard gecko skeletons
  5 rats
  2 fungi
  2 plants
365 creatures vanquished.

Vanquished Creatures (collateral kills)
  A yak (D:9)
1 creature vanquished.

Vanquished Creatures (others)
  13 fungi
  A plant (Lair:6)
14 creatures vanquished.

Grand Total: 380 creatures vanquished

Notes
Turn   | Place    | Note
-------+----------+-------------------------------------------
     0 | D:1      | RicketyTrickster the Kobold Berserker began the quest for the Orb.
     0 | D:1      | Reached XP level 1. HP: 14/14 MP: 1/1
    57 | D:1      | Reached XP level 2. HP: 13/19 MP: 2/2
   644 | D:2      | Reached XP level 3. HP: 10/23 MP: 3/3
  1543 | D:2      | Found a faded altar of an unknown god.
  1559 | D:2      | Reached XP level 4. HP: 25/29 MP: 4/4
  2513 | D:3      | Reached skill level 5 in Short Blades
  2631 | D:3      | Reached ** piety under Trog
  2723 | D:3      | Found a glowing golden altar of the Shining One.
  2747 | D:3      | Noticed Terence
  2768 | D:3      | Killed Terence
  2768 | D:3      | Reached XP level 5. HP: 33/33 MP: 5/5
  2898 | D:3      | Reached skill level 1 in Stealth
  3311 | D:4      | Noticed a phantom
  3353 | D:4      | Killed a phantom
  3353 | D:4      | Reached XP level 6. HP: 30/39 MP: 6/6
  3458 | D:4      | Noticed a phantom
  3472 | D:4      | Killed a phantom
  3526 | D:4      | Reached XP level 7. HP: 44/44 MP: 7/7
  3565 | D:4      | Gained mutation: You have sharp toenails. [potion of mutation]
  3565 | D:4      | Gained mutation: You have razor-sharp toenails. [potion of mutation]
  3951 | D:4      | Reached skill level 6 in Short Blades
  4080 | D:5      | Entered Level 5 of the Dungeon
  4090 | D:5      | Reached skill level 5 in Fighting
  4221 | D:5      | Found a staircase to the Ecumenical Temple.
  4301 | D:5      | Reached skill level 5 in Dodging
  4326 | D:5      | Found a basalt altar of Yredelemnul.
  4326 | D:5      | Found a blossoming altar of Fedhas.
  4430 | D:5      | Found a shimmering altar of Xom.
  4488 | D:5      | Reached *** piety under Trog
  4993 | D:6      | Reached XP level 8. HP: 47/50 MP: 8/8
  5028 | D:6      | Noticed Eustachio
  5124 | D:6      | Killed Eustachio
  5492 | D:6      | Found Nietta's Assorted Antiques.
  5510 | D:6      | Bought a red potion for 20 gold pieces
  5510 | D:6      | Bought a scroll labeled ZUDOUTI UMEAPP for 23 gold pieces
  5510 | D:6      | Bought a potion of curing for 69 gold pieces
  5515 | D:6      | Bought a scorched leather armour for 161 gold pieces
  5525 | D:6      | Identified the +0 leather armour "Rihiroc" {Int+4} (You bought it in a shop on level 6 of the Dungeon)
  5585 | D:6      | Reached skill level 7 in Short Blades
  5996 | D:7      | Found a radiant altar of Vehumet.
  6026 | D:7      | Reached **** piety under Trog
  6097 | D:7      | Noticed Lennu's ghost (novice DrFi)
  6116 | D:7      | Killed Lennu's ghost
  6116 | D:7      | Reached skill level 8 in Short Blades
  6116 | D:7      | Reached XP level 9. HP: 56/56 MP: 9/9
  6338 | D:7      | Reached skill level 5 in Stealth
  6882 | D:8      | Noticed a two-headed ogre
  6889 | D:8      | Killed a two-headed ogre
  6889 | D:8      | Reached skill level 9 in Short Blades
  6889 | D:8      | Reached skill level 5 in Armour
  6889 | D:8      | Reached XP level 10. HP: 64/64 MP: 10/10
  6988 | D:8      | Found a hazy altar of Hepliaklqana.
  7015 | D:8      | Reached ***** piety under Trog
  7047 | D:8      | Noticed Maurice
  7061 | D:8      | Killed Maurice
  7137 | D:8      | Noticed a two-headed ogre
  7146 | D:8      | Killed a two-headed ogre
  7280 | D:8      | Noticed a two-headed ogre
  7284 | D:8      | Killed a two-headed ogre
  7284 | D:8      | Reached skill level 10 in Short Blades
  7633 | D:9      | Found a hide-covered altar of Uskayaw.
  7658 | D:9      | Reached XP level 11. HP: 60/69 MP: 1/11
  7694 | D:9      | Found a staircase to the Lair.
  7702 | D:9      | Found an opulent altar of Gozag.
  7792 | D:9      | Got a transparent long sword
  7793 | D:9      | Identified the cursed +0 long sword "Impbane" {antimagic, +Inv rPois} (You found it on level 9 of the Dungeon)
  8046 | D:9      | Noticed a two-headed ogre
  8067 | D:9      | Killed a two-headed ogre
  8139 | D:9      | Noticed a cyclops
  8142 | D:9      | Noticed a purple ugly thing
  8142 | D:9      | Noticed a wizard
  8148 | D:9      | Killed a cyclops
  8148 | D:9      | Reached skill level 11 in Short Blades
  8148 | D:9      | Reached skill level 10 in Dodging
  8157 | D:9      | Killed a purple ugly thing
  8161 | D:9      | Killed a wizard
  8163 | D:9      | Noticed a two-headed ogre
  8192 | D:9      | Killed a two-headed ogre
  8214 | D:9      | Gained mutation: You are robust. (+10% HP) [mutagenic meat]
  8290 | D:9      | Got a crystal dagger
  8400 | D:9      | Identified the +4 dagger of Iconoclasm {pierce, Int+2 SInv} (You found it on level 9 of the Dungeon)
  8433 | D:9      | Received a gift from Trog
  8462 | D:9      | Reached skill level 10 in Fighting
  8975 | D:9      | Reached XP level 12. HP: 77/84 MP: 12/12
  9431 | D:9      | Reached skill level 12 in Short Blades
  9955 | D:9      | Found a deep blue altar of Sif Muna.
  9989 | Lair:1   | Entered Level 1 of the Lair of Beasts
 11552 | Lair:2   | Noticed an eight-headed hydra
 11558 | Lair:2   | Killed an eight-headed hydra
 12069 | Lair:2   | You fall through a shaft for 2 floors!
 12069 | Lair:4   | Noticed Nergalle
 12147 | Lair:4   | Received a gift from Trog
 12546 | Lair:4   | Found a staircase to the Snake Pit.
 12571 | Lair:4   | Reached XP level 13. HP: 92/92 MP: 4/13
 12578 | Lair:4   | Reached skill level 13 in Short Blades
 12625 | Lair:4   | Noticed Sonja
 12656 | Lair:4   | Killed Nergalle
 12665 | Lair:4   | Killed Sonja
 13446 | Lair:5   | Found a hazy altar of Hepliaklqana.
 13541 | Lair:5   | Reached skill level 10 in Stealth
 15091 | Lair:6   | Entered Level 6 of the Lair of Beasts
 15093 | Lair:6   | Found a viscous altar of Jiyva.
 15093 | Lair:6   | Found a staircase to the Slime Pits.
 15168 | Lair:6   | Received a gift from Trog
 15258 | Lair:6   | Noticed a five-headed hydra
 15268 | Lair:6   | Killed a five-headed hydra
 15273 | Lair:6   | Reached skill level 14 in Short Blades
 16349 | Lair:6   | Reached XP level 14. HP: 93/101 MP: 4/14
 16647 | Lair:6   | Got a fine jade ring
 17407 | Lair:6   | Identified the ring of Kualow {rN++ MR+ Dex-3} (You found it on level 6 of the Lair of Beasts)
 18247 | Slime:1  | Entered Level 1 of the Pits of Slime
 18251 | Slime:1  | Noticed an azure jelly
 18259 | Slime:1  | Killed an azure jelly
 18280 | Slime:1  | Noticed an acid blob
 18291 | Slime:1  | HP: 1/101 [acid (9)]
 18296 | Slime:1  | Noticed an azure jelly
 18296 | Slime:1  | Noticed an acid blob
 18301 | Slime:1  | HP: 2/101 [acid blob/splash of acid (8)]
 18301 | Slime:1  | Splashed by an acid blob's acid

Skill      XL: |  1  2  3  4  5  6  7  8  9 10 11 12 13 14 |
---------------+-------------------------------------------+-----
Dodging        | 3 4 5 6 8 9 10 11 13 | 13.9
Armour         | 2 3 4 5 6 7 8 9 |  9.8
Short Blades   | 5 6 8 9 10 11 12 14 | 14.9
Fighting       | 4 5 6 7 8 10 11 12 | 12.9
Stealth        | 1 2 3 4 5 7 8 9 10 11 | 11.3

Action                   |  1- 3 |  4- 6 |  7- 9 | 10-12 | 13-15 || total
-------------------------+-------+-------+-------+-------+-------++-------
Melee: Short sword       |    72 |   200 |   408 |   320 |       ||  1000
       Kick              |       |       |   113 |   324 |   330 ||   767
       Dagger            |       |       |       |   410 |       ||   410
       Quick blade       |       |       |       |   117 |   652 ||   769
       Knife             |       |       |       |       |    95 ||    95
Invok: Berserk           |       |     2 |     8 |     9 |     8 ||    27
  Use: Scroll            |     5 |     4 |     8 |     4 |     8 ||    29
       Potion            |     1 |     2 |    10 |    10 |     5 ||    28
 Stab: Sleeping          |       |       |     5 |     9 |     6 ||    20
       Distracted        |       |       |       |     5 |     4 ||     9
       Confused          |       |       |       |     1 |       ||     1
       Petrified         |       |       |       |       |     2 ||     2
  Eat: Chunk             |     7 |    12 |    18 |    40 |    28 ||   105
Armor: Animal skin       |    10 |       |       |       |       ||    10
       Leather armour    |     6 |    12 |       |       |       ||    18
       Ring mail         |       |    64 |   126 |   163 |   110 ||   463
Dodge: Dodged            |    66 |   122 |   343 |   547 |   418 ||  1496
Block: Shield            |       |    18 |       |       |       ||    18
       Buckler           |       |    13 |    72 |   143 |    72 ||   300
